 Dungeon Crawl Stone Soup version 0.14-a0-629-g748cab2 (webtiles) character file.

135 Malachi the Insei (level 4, 0/28 HPs)
             Began as an Octopode Transmuter on Nov 5, 2013.
             Succumbed to an adder's poison
             ... on Level 2 of the Dungeon.
             The game lasted 00:02:36 (2296 turns).

Malachi the Insei (Octopode Transmuter)             Turns: 2296, Time: 00:02:36

HP   0/28        AC  1     Str  9      XL: 4   Next:  4%
MP   4/6         EV 12     Int 16      God:
Gold 75          SH  0     Dex 12      Spells:  1 memorised,  6 levels left

Res.Fire  : . . .   See Invis. : .     - Unarmed
Res.Cold  : . . .   Warding    : .   (no shield)
Life Prot.: . . .   Conserve   : .   (helmet restricted)
Res.Poison: .       Res.Corr.  : .   (no amulet)
Res.Elec. : .       Clarity    : .   (no ring)
Sust.Abil.: . .     Spirit.Shd : .   (no ring)
Res.Mut.  : .       Stasis     : .   (no ring)
Res.Rott. : .       Flight     : .   (no ring)
Saprovore : . . .                    (no ring)
                                     (no ring)
                                     (no ring)
                                     (no ring)

@: appendage (expiring), mildly poisoned, slightly resistant to hostile
enchantments, stealthy
A: almost no armour, amphibious, 8 rings, constrict 8, spike 3, camouflage 1, AC
+1
a: End Transformation


You were on level 2 of the Dungeon.
You were very hungry.
One of your tentacles had a temporary spike.
You visited 1 branch of the dungeon, and saw 2 of its levels.

You collected 75 gold pieces.

Inventory:

Missiles
 b - 28 arrows
Comestibles
 a - 2 bread rations
 j - 2 meat rations
Scrolls
 c - a scroll of curse jewellery {unknown}
 e - a scroll of curse weapon {unknown}
 g - 3 scrolls of remove curse {unknown}
 i - a scroll of teleportation {unknown}
 k - 2 scrolls of enchant weapon II {unknown}
Potions
 f - a potion of agility {unknown}
 h - 2 potions of curing {unknown}
 l - a potion of invisibility {unknown}
Books
 d - a book of Changes

   Spells                             Type                      Level
   *Beastly Appendage                 Transmutation                1
   Sticks to Snakes                   Transmutation                2
   Spider Form                        Transmutation/Poison         3
   Ice Form                           Ice/Transmutation            4
   Blade Hands                        Transmutation                5


   Skills:
 + Level 1.2 Fighting
 + Level 2.5 Dodging
 - Level 1.1 Stealth
 * Level 3.9 Unarmed Combat
 - Level 2.0 Spellcasting
 * Level 2.5 Transmutations


You had 6 spell levels left.
You knew the following spells:

 Your Spells              Type           Power        Failure   Level  Hunger
a - Beastly Appendage     Trmt           #.....       10%         1    #......


Dungeon Overview and Level Annotations

Branches:
Dungeon (2/27)

Altars:
Elyvilon
the Shining One


Innate Abilities, Weirdness & Mutations

You cannot wear most types of armour.
You are amphibious.
You can wear up to eight rings at the same time.
You can use your tentacles to constrict many enemies at once.
Your skin changes colour to match your surroundings (Stlth).
Your rubbery body absorbs attacks (AC +1).
One of your tentacles bears a large vicious spike.


Message History

The adder is heavily wounded.
You constrict the adder. The adder bites you.
You are poisoned.
The adder poisons you! The giant gecko bites you.
* * * LOW HITPOINT WARNING * * *
A hobgoblin comes into view. It is wielding an orcish club.
You hit the adder.
You kill the adder!
You have reached level 4!
The giant gecko bites you.
* * * LOW HITPOINT WARNING * * *
You closely miss the giant gecko. You grab the giant gecko.
You constrict the giant gecko. The giant gecko bites you.
* * * LOW HITPOINT WARNING * * *
You hit the giant gecko. Your squeeze misses the giant gecko.
The giant gecko is severely wounded.
You constrict the giant gecko. The giant gecko barely misses you.
You hit the giant gecko.
You kill the giant gecko!
You die...

#..## ###### #.## .
#..... #####'### ###'#
#..... #.......#
...... +.....
#.......### >.g...#
#..... #.......'.###
......' #.....
#.......#...# ......#
#<....
#.......###.###%.....#
#..... #.......#
#...@......# #.....
###+##### #####......#
##'### ####'## #. #.
##########+##
#...........#
#...........#
#...........# ###+
#....%).....####...


You could see a hobgoblin.

Vanquished Creatures
  An adder (D:2)
  3 worms (D:2)
  5 giant geckos
  An ooze (D:2)
  A giant cockroach (D:1)
  A hobgoblin (D:2)
  A bat (D:1)
  5 goblins
  3 jackals (D:1)
  7 kobolds
  4 rats
32 creatures vanquished.

Notes
Turn   | Place    | Note
--------------------------------------------------------------
     0 | D:1      | Malachi, the Octopode Transmuter, began the quest for the Orb.
     0 | D:1      | Reached XP level 1. HP: 13/13 MP: 1/1
   243 | D:1      | Reached XP level 2. HP: 13/18 MP: 0/3
  1153 | D:2      | Reached XP level 3. HP: 21/23 MP: 4/4
  1211 | D:2      | Found a white marble altar of Elyvilon.
  1212 | D:2      | Found a glowing golden altar of the Shining One.
  1639 | D:2      | Reached skill level 1 in Stealth
  2293 | D:2      | Reached XP level 4. HP: 6/28 MP: 4/6
  2293 | D:2      | HP: 1/28 [giant gecko (5)]
  2296 | D:2      | Succumbed to an adder's poison

Action                   |  1- 3 |  4- 6 || total
-------------------------+-------+-------++-------
Melee: Unarmed           |    80 |     3 ||    83
 Cast: Beastly Appendage |    17 |       ||    17
 Stab: Sleeping          |     4 |       ||     4
